 Dungeon Crawl Stone Soup version 0.29.1-2-gbd0b4ee654 (webtiles) character file.

Game seed: 16081719950006980089

121 zeram the Covered (level 5, 0/33 HPs)
             Began as a Gargoyle Fighter on Oct 29, 2022.
             Constricted to death by Sigmund (3 damage)
             ... on level 3 of the Dungeon.
             The game lasted 00:04:21 (2951 turns).

zeram the Covered (Gargoyle Fighter)                Turns: 2951, Time: 00:04:22

Health: 0/33       AC: 11    Str: 21    XL:     5   Next: 5%
Magic:  5/5        EV:  8    Int:  9    God:
Gold:   74         SH:  4    Dex:  9    Spells: 4/4 levels left

rFire   . . .      SeeInvis .   a - +0 flail
rCold   . . .      Faith    .   c - +0 buckler
rNeg    + . .      Spirit   .   p - +0 steam dragon scales
rPois   ∞          Reflect  .   (no helmet)
rElec   +          Harm     .   (no cloak)
rCorr   .          Rampage  .   o - +0 pair of gloves
Will    .....                   (no boots)
Stlth   +.........              (no amulet)
HPRegen 0.11/turn               (no ring)
MPRegen 0.09/turn               (no ring)

@: mighty, grasped by roots, constricted
A: sickness immunity, AC +4, negative energy resistance 1, electricity
resistance, torment resistance 1, petrification resistance
a: no special abilities


You were on level 3 of the Dungeon.
You visited 1 branch of the dungeon, and saw 3 of its levels.

You collected 74 gold pieces.

Inventory:

Hand Weapons
 a - a +0 flail (weapon)
Armour
 b - a +0 scale mail
 c - a +0 buckler (worn)
 o - a +0 pair of gloves (worn)
 p - +0 steam dragon scales (worn)
 r - the +1 ring mail "Xydoet" {rF- Will- Int+5 Slay+5}
   (You found it on level 3 of the Dungeon)

   Int:       It affects your intelligence (+5).
   Slay:      It affects your accuracy & damage with ranged weapons and melee
   (+5).
   rF:        It makes you vulnerable to fire.
   Will:      It decreases your willpower.
Jewellery
 l - the ring of Leihizo {rPois rC- Will++ Str-2 SInv}
   (You found it on level 2 of the Dungeon)

   [ring of poison resistance]

   Str:       It affects your strength (-2).
   rC:        It makes you vulnerable to cold.
   rPois:     It protects you from poison.
   SInv:      It lets you see invisible.
   Will:      It greatly increases your willpower.
 q - an amulet of guardian spirit
Scrolls
 k - 3 scrolls of identify {unknown}
 m - a scroll of butterflies {unknown}
 n - 2 scrolls of immolation {unknown}
Potions
 e - a potion of ambrosia {unknown}
 g - a potion of brilliance {unknown}
 h - a potion of degeneration {unknown}
 i - a potion of attraction {unknown}
 j - a potion of haste {unknown}


   Skills:
 + Level 3.8 Fighting
 + Level 3.4 Maces & Flails
 + Level 4.1 Armour
 + Level 1.0 Dodging
 - Level 0.1 Stealth
 + Level 3.7 Shields


You had 4 spell levels left.
You didn't know any spells.
Your spell library contained the following spells:

 Spells                   Type           Power      Damage    Failure   Level
 Magic Dart               Conj           0%         1d3       47%         1
 Searing Ray              Conj           0%         2d4       63%         2
 Confusing Touch          Hex            0%         N/A       85%         3
 Fulminant Prism          Conj/Hex       0%         3d6       99%         4
 Yara's Violent Unravell  Hex/Tmut       0%         3d3       100%        5
 Enfeeble                 Hex            0%         N/A       100%        7


Dungeon Overview and Level Annotations

Branches:
Dungeon (3/15)

Altars:

Annotations:
D:3 Sigmund


Innate Abilities, Weirdness & Mutations

You are immune to sickness and miasma.
Your stone body is resilient. (AC +4)
You are immune to poison.
You resist negative energy. (rN+)
You are resistant to electric shocks. (rElec)
You are resistant to unholy torment.
You are immune to petrification.


Message History

The grasping roots release their grip on you.
You barely miss something.
You hear some strange, mumbled words.
A puff of flame appears from out of thin air!
The puff of flame hits you but does no damage.
Unknown command.
You barely miss something. Something hits you but does no damage.
Unknown command.
You miss something. Something hits you but does no damage.
You miss something.
You hear some strange, mumbled words.
A magic dart appears from out of thin air!
The magic dart hits you!
* * * LOW HITPOINT WARNING * * *
You closely miss something. Something hits you but does no damage.
Unknown command.
It was a potion of curing.
You feel better.
You feel better. Something hits you.
You miss something. Something hits you.
Unknown command.
You closely miss something.
You hear some strange, mumbled words.
A puff of flame appears from out of thin air!
The puff of flame misses you.
Unknown command.
You closely miss something. Something hits you but does no damage.
Unknown command.
You hit something. Something hits you.
You closely miss something. Something hits you but does no damage.
You miss something. Something hits you.
* * * LOW HITPOINT WARNING * * *
You barely miss something. You barely miss something.
You hear a zap.
The roots erupt in riotous growth!
The grasping roots grab you!
You are constricted.
* * * LOW HITPOINT WARNING * * *
Something completely misses you.
You are constricted.
You die...

#.# #( #.# #.
#.# #. #.# # #.
#.##########
#.##.##
#...........
....#
############
#.{#
####....<....
#.@#
#.......#####
#..# #.......#
#..####.......#
#>..........#.#
##.##.#.......#
####.#.......#
#.#.......#
#.####..... #.#
##


There were no monsters in sight!

Vanquished Creatures
  4 gnolls (D:2)
  2 adders (D:3)
  A worm (D:3)
  An orc (D:3)
  8 endoplasms
  3 giant cockroaches
  4 goblins
  2 hobgoblins
  7 jackals (D:2)
  2 quokkas
  8 ball pythons
  3 bats
  A frilled lizard (D:1)
  7 kobolds
  5 rats
58 creatures vanquished.

Notes
Turn   | Place    | Note
-------+----------+-------------------------------------------
     0 | D:1      | zeram the Gargoyle Fighter began the quest for the Orb.
     0 | D:1      | Reached XP level 1. HP: 14/14 MP: 1/1
   352 | D:1      | Reached XP level 2. HP: 11/19 MP: 2/2
  1509 | D:2      | Identified the ring of Leihizo {rPois rC- Will++ Str-2
                  | SInv}
  1526 | D:2      | Reached XP level 3. HP: 22/23 MP: 3/3
  1566 | D:2      | Reached XP level 4. HP: 10/29 MP: 4/4
  1568 | D:2      | Reached skill level 4 in Armour
  1886 | D:2      | Found a faded altar of an unknown god.
  2679 | D:3      | Identified the +1 ring mail "Xydoet" {rF- Will- Int+5
                  | Slay+5}
  2875 | D:3      | Reached skill level 1 in Dodging
  2875 | D:3      | Reached XP level 5. HP: 32/33 MP: 5/5
  2924 | D:3      | Noticed Sigmund
  2951 | D:3      | Constricted to death by Sigmund

Illustrated notes

Levels and vault maps discovered:
D:1:      dpeg_arrival_arbitrary_b, layout_basic
D:2:      layout_loops_ring, nicolae_ecumenical_snake_handling,
          dk_noncrumbling_2
D:3:      layout_loops_ring, st_stairs_11, uniq_sigmund

Skill      XL: |  1  2  3  4 |
---------------+-------------+-----
Armour         | 4 |  4.1
Maces & Flails | 3 |  3.4
Dodging        | 1 |  1.0
Fighting       | |  3.8
Stealth        | |  0.1
Shields        | |  3.7

Action                   |  1- 3 |  4- 6 || total
-------------------------+-------+-------++-------
Melee: Flail             |    96 |   108 ||   204
  Use: Scroll            |     1 |       ||     1
       Potion            |       |     3 ||     3
 Stab: Sleeping          |       |     1 ||     1
Armor: Scale mail        |    62 |    20 ||    82
       Steam dragon scal |       |    31 ||    31
Dodge: Dodged            |    55 |    52 ||   107
Block: Buckler           |    28 |    15 ||    43
